 Dungeon Crawl Stone Soup version 0.28-a0-804-g60983d4ba9 (webtiles) character file.

Game seed: 4422606678180670392

36 cheechan the Skirmisher (level 3, -3/34 HPs)
             Began as a Naga Fighter on Nov 7, 2021.
             Slain by a gnoll (5 damage)
             ... on level 2 of the Dungeon.
             The game lasted 00:05:53 (1661 turns).

cheechan the Skirmisher (Naga Fighter)              Turns: 1661, Time: 00:05:54

Health: -3/34      AC:  4    Str: 18    XL:     3   Next: 37%
Magic:  3/3        EV:  7    Int:  8    God:
Gold:   54         SH:  4    Dex: 11    Spells: 2/2 levels left

rFire   . . .      SeeInvis +   a - +0 war axe
rCold   . . .      Faith    .   c - +0 buckler
rNeg    . . .      Spirit   .   b - +0 scale mail
rPois   +          Reflect  .   (no helmet)
rElec   .          Harm     .   (no cloak)
rCorr   .          Rampage  .   (no gloves)
Will    .....                   (no barding)
Stlth   ..........              (no amulet)
HPRegen 0.11/turn               (no ring)
MPRegen 0.08/turn               (no ring)

@: mighty, short of breath, very slow
A: AC +1, large, see invisible, deformed body, poison resistance, slowness 2,
spit poison 1, naga tail 1
a: Spit Poison


You were on level 2 of the Dungeon.
You visited 1 branch of the dungeon, and saw 2 of its levels.

You collected 54 gold pieces.

Inventory:

Hand Weapons
 a - a +0 war axe (weapon)
 i - a +0 hunting sling
Missiles
 f - 13 sling bullets
 g - 4 throwing nets
 j - 20 bolts
 k - 22 arrows
Armour
 b - a +0 scale mail (worn)
 c - a +0 buckler (worn)
Scrolls
 e - 2 scrolls of identify
 h - a scroll of blinking
Potions
 l - a potion of brilliance {unknown}


   Skills:
 + Level 3.3 Fighting
 + Level 2.4 Axes
 + Level 2.6 Armour
 + Level 0.7 Dodging
 + Level 2.7 Shields


You had 2 spell levels left.
You didn't know any spells.
Your spell library contained the following spells:

 Spells                   Type           Power      Damage    Failure   Level
 Leda's Liquefaction      Hex/Erth       0%         N/A       100%        4
 Lee's Rapid Deconstruct  Erth           0%         3d5*      100%        5
 Statue Form              Tmut/Erth      0%         N/A       100%        6


Dungeon Overview and Level Annotations

Branches:
Dungeon (2/15)

Altars:

Shops:
D:1 !


Innate Abilities, Weirdness & Mutations

Your serpentine skin is tough. (AC +1)
You have supernaturally acute eyesight. (SInv)
Armour fits poorly on your strangely shaped body.
Your system is resistant to poisons. (rPois)
You cover ground very slowly.
You can spit poison.
You have a snake-like lower body.


Message History

Found a dark potion.
There is a stone staircase leading up here.
There is a stone staircase leading down here.
l - a dark potion
Found a stone staircase leading down.
Found a short sword.
There is a stone staircase leading down here.
A rat comes into view.
You block the rat's attack.
You slash the rat!
You kill the rat!
An adder and a gnoll come into view.
The gnoll shouts!
A gnoll comes into view. It is wielding a +0 spear.
A goblin and a gnoll come into view.
The goblin shouts!
The gnoll shouts!
The goblin moves out of view.
A gnoll comes into view. It is wielding a +0 flail.
The gnoll shouts!
The adder closely misses you. You block the adder's attack.
You closely miss the adder. You barely miss the gnoll. The adder bites you.
The gnoll hits you with a +0 flail. The gnoll hits you but does no damage.
The adder bites you.
Abil: Spit Poison
Press: ? - help, Q - select action, (/) - cycle Shift-Dir - straight line, f - gnoll
Aim: a gnoll, wielding a +0 flail The splash of poison hits the gnoll.
The gnoll is poisoned.
The gnoll is moderately wounded.
The gnoll hits you with a +0 flail.
The gnoll hits you from afar with a +0 spear!
The adder barely misses you.
You feel very mighty all of a sudden.
The gnoll hits you from afar with a +0 spear.
The adder bites you but does no damage. The gnoll hits you with a +0 flail!
* * * LOW HITPOINT WARNING * * *
You barely miss the gnoll. You hit the gnoll. You barely miss the adder.
The adder bites you.
* * * LOW HITPOINT WARNING * * *
The gnoll hits you from afar with a +0 spear.
You die...

###.#### #####
#......## #...#####
.....#..## #.#.....#
#..#...## #...###.#
#.......####.## #.#
#............# #.#
......##..########
#.# #.#.# #..# #.# #
#@g# #.# #.....Sg#
#.# ######ggg# #.#
.....# ###.# ......#
##.#.##
........####.....##
........+......>...
.........####..)#.##
##.##.#


You could see 4 gnolls, an adder and a goblin.

Vanquished Creatures
  2 dart slugs (D:2)
  2 ball pythons (D:2)
  2 bats (D:1)
  5 endoplasms
  2 giant cockroaches (D:1)
  2 goblins (D:1)
  3 kobolds (D:1)
  A quokka (D:1)
  4 frilled lizards
  8 rats
31 creatures vanquished.

Notes
Turn   | Place    | Note
-------+----------+-------------------------------------------
     0 | D:1      | cheechan the Naga Fighter began the quest for the Orb.
     0 | D:1      | Reached XP level 1. HP: 21/21 MP: 1/1
   144 | D:1      | Reached XP level 2. HP: 28/28 MP: 2/2
   979 | D:1      | Found Veaj's Distillery.
  1084 | D:2      | Found a faded altar of an unknown god.
  1099 | D:2      | Reached XP level 3. HP: 26/34 MP: 3/3
  1661 | D:2      | Slain by a gnoll

Illustrated notes

Levels and vault maps discovered:
D:1:      elethiomel_arrival_quiet, layout_basic, serial_shops, shop,
          minmay_splitting_lines
D:2:      layout_loops_corners, basic_ecumenical_altar,
          wander_ebering_terrifying_dragon_lair

Action                   || total
-------------------------++-------
Melee: War axe           ||   103
 Abil: Spit Poison       ||     4
  Use: Scroll            ||     3
       Potion            ||     1
Armor: Scale mail        ||    52
Dodge: Dodged            ||    49
Block: Buckler           ||    28

Table legend: (Time is in decaauts)
 A = Elapsed time spent in this place.
 B = Non-inter-level travel time spent in this place.
 C = Inter-level travel time spent in this place.
 D = Time resting spent in this place.
 E = Time spent auto-exploring this place.
 F = Levels seen in this place.
 G = Mean time per level.
                   A        B        C        D        E       F      G
               +--------+--------+--------+--------+--------+-----+--------+
         Total |   2307 |   2307 |      0 |      0 |      0 |   2 | 1153.5 |
       Dungeon |   2307 |   2307 |      0 |      0 |      0 |   2 | 1153.5 |
               +--------+--------+--------+--------+--------+-----+--------+

Top non-repeatable levels by time:
     D:1: 1407 daAuts
     D:2: 900 daAuts
